 Dungeon Crawl Stone Soup version 0.29.1-4-g47bece8355 (webtiles) character file.

Game seed: 351473791957962154

8009 hawla the Frost Mage (level 11, -1/118 HPs)
             Began as a Meteoran Ice Elementalist on Dec 8, 2022.
             Was a Priest of Vehumet.
             Slain by a killer bee (7 damage)
             ... on level 10 of the Dungeon on Dec 9, 2022.
             The game lasted 00:32:47 (4803 turns).

hawla the Frost Mage (Meteoran Ice Elementalist)    Turns: 4803, Time: 00:32:49

Health: -1/118     AC: 25    Str: 10    XL:     11   Next: 76%
Magic:  12/25      EV:  2    Int: 20    God:    Vehumet [***...]
Gold:   636        SH:  0    Dex: 16    Spells: 14/28 levels left

rFire   . . .      SeeInvis .   z - staff of poison
rCold   . . .      Faith    .   (no shield)
rNeg    . . .      Spirit   .   (body armour currently unavailable)
rPois   +          Reflect  .   (helmet currently unavailable)
rElec   .          Harm     .   (cloak currently unavailable)
rCorr   .          Rampage  .   (gloves currently unavailable)
Will    +....      NoTele   +   (boots currently unavailable)
Stlth   +.........              w - amulet of magic regeneration
HPRegen 0.29/turn               (no ring)
MPRegen 0.59/turn               (no ring)

@: tree-form, glowing
A: stationary, stasis, torment immunity, boosted hp, sense surroundings 2,
otherworldly, glowing, explore regen
a: Renounce Religion


You were on level 10 of the Dungeon.
You worshipped Vehumet.
Vehumet was most pleased with you.
You were a tree.
You visited 2 branches of the dungeon, and saw 11 of its levels.
You also visited: Ossuary and Bailey.

You collected 636 gold pieces.

Inventory:

Hand Weapons
 l - a +5 dire flail of freezing
 q - the +1 morningstar "Keutod Ilen" {vorpal, +Blink rF+++ rC- Dex+2}
   (You found it on level 10 of the Dungeon)

   It inflicts extra damage upon your enemies.
   Dex:       It affects your dexterity (+2).
   rF:        It renders you almost immune to fire.
   rC:        It makes you vulnerable to cold.
   +Blink:    It lets you blink.
Armour
 a - a +1 robe (melded)
 m - a +0 pair of boots (melded)
 u - a +0 crystal plate armour
Magical Staves
 z - a staff of poison (weapon)
Jewellery
 j - an amulet of regeneration
 w - an amulet of magic regeneration (around neck)
Wands
 g - a wand of mindburst (21) (quivered)
 i - a wand of iceblast (8)
 k - a wand of paralysis (6)
 A - a wand of flame (6)
Scrolls
 f - 3 scrolls of enchant armour
 h - a scroll of enchant weapon
 v - a scroll of identify
 y - a scroll of brand weapon
Potions
 b - a potion of curing
 c - 4 potions of mutation {unknown}
 d - 4 potions of brilliance {unknown}
 e - 6 potions of ambrosia
 n - a potion of invisibility {unknown}
 p - 2 potions of berserk rage {unknown}
 s - 2 potions of might
 t - a potion of magic
 x - a potion of cancellation {unknown}


   Skills:
 + Level 2.1 Fighting
 + Level 4.3 Maces & Flails
 + Level 4.0 Dodging
 - Level 1.4 Stealth
 + Level 9.0 Spellcasting
 + Level 9.0 Conjurations
 + Level 2.4 Fire Magic
 + Level 12.9 Ice Magic
 + Level 5.3 Air Magic
 + Level 2.0 Poison Magic
 + Level 2.0 Evocations


You had 14 spell levels left.
You knew the following spells:

 Your Spells              Type           Power      Damage    Failure   Level
a - Freeze                Ice            100%       1d11      1%          1
b - Frozen Ramparts       Ice            100%       1d16      1%          3
c - Hailstorm             Conj/Ice       52%        3d12      1%          4
d - Freezing Cloud        Conj/Ice/Air   22%        6-21      1%          5
e - Foxfire               Conj/Fire      100%       2x1d9     1%          1

Your spell library contained the following spells:

 Spells                   Type           Power      Damage    Failure   Level
 Airstrike                Air            15%        2d(3-19)  2%          4
 Conjure Flame            Conj/Fire      32%        6-21      1%          3
 Dazzling Flash           Conj/Hex       54%        N/A       1%          3
 Mephitic Cloud           Conj/Pois/Air  46%        N/A       1%          3
 Ozocubu's Armour         Ice            57%        N/A       1%          3
 Sticky Flame             Conj/Fire      32%        2d5       1%          4
 Ignite Poison            Fire/Tmut/Pois 22%        N/A       3%          3
 Gell's Gravitas          Tloc           9%         N/A       22%         3
 Lesser Beckoning         Tloc           9%         N/A       22%         3
 Teleport Other           Tloc           9%         N/A       22%         3
 Silence                  Hex/Air        9%         N/A       56%         5
 Agony                    Necr           9%         N/A       91%         5


Dungeon Overview and Level Annotations

Branches:
Dungeon (10/15) Zot: 1919  Temple (1/1) D:7 Zot: 449    Lair (0/5) D:10
Ossuary (visited)          Bailey (visited)
    Orc: D:9-12

Altars:
Ashenzari
Cheibriados
Dithmenos
Elyvilon
Fedhas
Gozag
Hepliaklqana
Kikubaaqudgha
Okawaru
Qazlal
Ru
Sif Muna
Uskayaw
Vehumet
Wu Jian
Xom
Yredelemnul
Zin
The Shining One

Annotations:
D:5 Edmund, Grinder


Innate Abilities, Weirdness & Mutations

You are a tree.
Your roots penetrate the ground, keeping you stationary.
You cannot be teleported.
You are immune to unholy pain and torment.
Your maximum health is greatly increased.
Your equipment is partially melded.
You passively map the area around you.
You are easily found by Zot.
You glow in the dark.
You regain HP and MP as you explore.


Message History

* * * LOW HITPOINT WARNING * * *
You are lethally poisoned!
The killer bee poisons you!
The killer bee stings you but does no damage.
The water moccasin bites you.
* * * LOW HITPOINT WARNING * * *
You are more poisoned.
The water moccasin poisons you! The scorpion stings you.
* * * LOW HITPOINT WARNING * * *
You feel better.
The killer bee stings you but does no damage. x2
The killer bee stings you.
* * * LOW HITPOINT WARNING * * *
The killer bee is engulfed in freezing vapours.
You kill the killer bee!
Vehumet accepts your kill.
You feel your power returning.
The water moccasin completely misses you.
The killer bee stings you but does no damage. x3
The scorpion stings you but does no damage.
The water moccasin bites you but does no damage.
Your Dodging skill increases to level 4!
Aiming: Mindburst
Press: ? - help, Shift-Dir - straight line, f - wyvern
Aim: a wyvern (paralysed, chance to affect: 73%)
The wyvern's mind is blasted!
The killer bee stings you but does no damage. x4
The killer bee stings you!
* * * LOW HITPOINT WARNING * * *
The killer bee stings you but does no damage.
The scorpion stings you but does no damage.
The water moccasin bites you but does no damage.
Aiming: Mindburst
Press: ? - help, Shift-Dir - straight line, f/p - wyvern
Aim: a wyvern (heavily wounded, paralysed, chance to affect: 73%)
The wyvern's mind is blasted!!
You blow up the wyvern!
Vehumet accepts your kill.
You feel your power returning. The killer bee stings you!
You die...

,
,*#...##+##...##...'........
,
.##...##.##.†.##...#........
,
,....<..............#........
,
,...................#######..
,,
,...................##...##..
, ,
.......○☼☼......(..#........
.......☼..†........#........
.......○☼§yys......'........
, ,
.......§§§y♣.......#........
,
........§§§§.S......#........
,,
........§..§§§.##...##.......
............§§.###'###.......
,
..<........§§§.#....##...##..
..............#....#######..
, #...........#.....# #... ,*
, #......##...##...## #... ,
*#......##...###### #...


You could see a water moccasin, a scorpion and 3 killer bees.

Vanquished Creatures
  2 two-headed ogres (D:9)
  An orc knight (D:10)
  2 trolls
  A slime creature (D:10)
  A wraith (D:10)
  13 yaks
  2 wyverns
  A water moccasin (D:6)
  7 orc warriors
  2 black bears
  An ogre (D:4)
  2 wolves (D:10)
  A centaur (D:8)
  A phantom (D:4)
  A kobold brigand (D:7)
  2 bullfrogs
  A scorpion (D:4)
  17 wights
  9 killer bees
  3 jellies
  6 orc priests
  A gnoll bouda (D:8)
  2 hounds (D:6)
  2 iguanas
  6 orc wizards
  8 mummies (Ossuary)
  5 gnolls (D:8)
  An adder (D:3)
  A shadow imp (D:6)
  A white imp (D:6)
  3 worms
  31 orcs
  A giant cockroach (D:4)
  2 gnoll zombies (Ossuary)
  4 goblins (D:8)
  3 hobgoblins
  4 jackals
  A quokka (D:5)
  A goblin zombie (D:8)
  2 hobgoblin zombies (Ossuary)
  7 kobolds
  3 kobold zombies (Ossuary)
  An orc zombie (Ossuary)
  A rat (D:1)
  A rat zombie (D:8)
168 creatures vanquished.

Vanquished Creatures (others)
  134 foxfires
  A fungus (D:10)
  22 plants (D:10)
157 creatures vanquished.

Grand Total: 325 creatures vanquished

Notes
Turn   | Place    | Note
-------+----------+-------------------------------------------
     0 | D:1      | hawla the Meteoran Ice Elementalist began the quest for the
                  | Orb.
     0 | D:1      | Reached XP level 1. HP: 14/14 MP: 5/5
    67 | D:1      | Reached XP level 2. HP: 18/20 MP: 1/6
   266 | D:3      | Reached XP level 3. HP: 7/26 MP: 3/8
   270 | D:3      | Learned a level 3 spell: Frozen Ramparts
   330 | D:3      | Reached skill level 5 in Ice Magic
   383 | D:4      | Noticed a scorpion
   389 | D:4      | Killed a scorpion
   390 | D:4      | Reached XP level 4. HP: 27/33 MP: 3/10
   421 | D:4      | Reached XP level 5. HP: 25/38 MP: 5/12
   426 | D:4      | Reached skill level 6 in Ice Magic
   559 | D:4      | Learned a level 4 spell: Hailstorm
   567 | D:4      | Noticed an ogre
   573 | D:4      | Killed an ogre
   574 | D:4      | Reached XP level 6. HP: 25/45 MP: 11/13
   600 | D:4      | Reached skill level 7 in Ice Magic
   600 | D:4      | Reached XP level 7. HP: 22/50 MP: 14/14
   949 | D:5      | Entered Level 5 of the Dungeon
  1046 | D:5      | Noticed Grinder
  1046 | D:5      | Paralysed by Grinder for 4 turns
  1069 | D:5      | Noticed Edmund
  1096 | D:6      | Identified the +3 scale mail of the Barber Surgeon {rElec
                  | rC+ rN+ Dex-2}
  1210 | D:6      | Noticed a water moccasin
  1214 | D:6      | Killed a water moccasin
  1341 | D:6      | Reached XP level 8. HP: 55/57 MP: 10/15
  1771 | D:7      | Reached skill level 5 in Spellcasting
  1771 | D:7      | Found a staircase to the Ecumenical Temple.
  1784 | Temple   | Entered the Ecumenical Temple
  1915 | Temple   | Became a worshipper of Vehumet
  1970 | D:7      | Learned a level 5 spell: Freezing Cloud
  1995 | D:7      | Reached skill level 5 in Conjurations
  1995 | D:7      | Reached skill level 8 in Ice Magic
  1995 | D:7      | Reached skill level 1 in Air Magic
  2133 | D:8      | Gained mutation: You passively map the area around you.
                  | [Meteoran growth]
  2133 | D:8      | Reached XP level 9. HP: 62/62 MP: 2/18
  2134 | D:8      | Reached skill level 5 in Air Magic
  2141 | D:8      | Found a sand-covered staircase.
  2166 | Ossuary  | Entered an ossuary
  2172 | Ossuary  | Reached * piety under Vehumet
  2172 | Ossuary  | Offered knowledge of Foxfire by Vehumet.
  2180 | Ossuary  | Learned a level 1 spell: Foxfire
  2387 | D:8      | Found a flagged portal.
  2406 | Bailey   | Entered a bailey
  2440 | Bailey   | Offered knowledge of Sandblast by Vehumet.
  2479 | Bailey   | Reached ** piety under Vehumet
  2598 | Bailey   | Reached skill level 9 in Ice Magic
  2782 | D:8      | Reached skill level 10 in Ice Magic
  3059 | D:8      | Found a blossoming altar of Fedhas.
  3071 | D:8      | Reached XP level 10. HP: 27/69 MP: 5/19
  3337 | D:8      | Found a glowing golden altar of the Shining One.
  3531 | D:9      | Noticed a two-headed ogre
  3547 | D:9      | Killed a two-headed ogre
  3548 | D:9      | Reached skill level 1 in Maces & Flails
  3548 | D:9      | Reached skill level 11 in Ice Magic
  3566 | D:9      | Offered knowledge of Searing Ray by Vehumet.
  3656 | D:10     | Entered Level 10 of the Dungeon
  3688 | D:10     | Reached skill level 1 in Fighting
  3770 | D:9      | Reached skill level 1 in Fire Magic
  3899 | D:9      | Noticed a two-headed ogre
  3905 | D:9      | Killed a two-headed ogre
  4037 | D:9      | Reached XP level 11. HP: 67/78 MP: 19/23
  4078 | D:9      | Reached skill level 12 in Ice Magic
  4141 | D:9      | Reached *** piety under Vehumet
  4612 | D:10     | Noticed an orc knight
  4620 | D:10     | Offered knowledge of Airstrike by Vehumet.
  4626 | D:10     | Killed an orc knight
  4644 | D:10     | Noticed a skeletal warrior
  4668 | D:10     | Identified the +1 morningstar "Keutod Ilen" {vorpal, +Blink
                  | rF+++ rC- Dex+2}
  4803 | D:10     | Slain by a killer bee

Illustrated notes

Levels and vault maps discovered:
D:1:      sevenhm_arrival_forest_fort_large_2, layout_basic,
          ebering_ecumenical_altar_petrified, minmay_strange_pillars
D:2:      layout_basic
D:3:      layout_basic
D:4:      cheibrodos_quashed, layout_loops_ring, serial_glass, glass_columns_a,
          glass_columns_a
D:5:      layout_basic, kennysheep_generic_room_4, uniq_edmund,
          uniq_crazy_yiuf_cottage, uniq_pikel, uniq_grinder
D:6:      layout_loops_ring
D:7:      layout_basic, minmay_temple_entry_overgrown
D:8:      layout_loops_corners, lemuel_coloured_pillars_altar,
          mainiacjoe_overflow_paths, enter_ossuary_4, enter_bailey_5,
          chequers_serial_rivers_micro_d
D:9:      layout_loops_corners
D:10:     layout_gridville, minmay_lair_entry_grove, kb_rosetta
Temple:   nicolae_temple_slightly_damp_pantheon

Skill      XL: |  1  2  3  4  5  6  7  8  9 10 11 |
---------------+----------------------------------+-----
Spellcasting   | 3 4 5 7 9 |  9.0
Ice Magic      | 5 6 7 8 10 11 12 | 12.9
Conjurations   | 2 4 5 7 8 9 |  9.0
Evocations     | 2 |  2.0
Air Magic      | 4 5 |  5.3
Maces & Flails | 3 4 |  4.3
Dodging        | 3 4 |  4.0
Fighting       | 1 2 |  2.1
Fire Magic     | 1 2 |  2.4
Poison Magic   | 2 |  2.0
Stealth        | |  1.4

Action                   |  1- 3 |  4- 6 |  7- 9 | 10-12 || total
-------------------------+-------+-------+-------+-------++-------
Melee: Unarmed           |     4 |    16 |    24 |       ||    44
       Dire flail        |       |       |    52 |    35 ||    87
       Punch             |       |       |     1 |       ||     1
       Staff             |       |       |       |     1 ||     1
 Cast: Freeze            |    19 |    11 |    32 |    11 ||    73
       Frozen Ramparts   |     2 |     6 |    23 |    12 ||    43
       Hailstorm         |       |     2 |    48 |    27 ||    77
       Foxfire           |       |       |    42 |    33 ||    75
       Freezing Cloud    |       |       |       |    11 ||    11
Evoke: Wand              |       |       |     6 |     6 ||    12
  Use: Scroll            |       |     6 |     6 |     3 ||    15
       Potion            |       |     3 |       |     5 ||     8
 Stab: Paralysed         |       |       |    19 |       ||    19
Armor: Robe              |     2 |     3 |    21 |    14 ||    40
       Skin              |       |       |       |   119 ||   119
Dodge: Dodged            |     5 |     8 |    71 |    63 ||   147
